 Dungeon Crawl Stone Soup version 0.13.0-9-gbc74161 (webtiles) character file.

1888 Raxtorm the Protected (level 8, 0/106 HPs)
             Began as a Minotaur Berserker on Oct 17, 2013.
             Was an Elder of Trog.
             Slain by an orc knight
             ... wielding a -1,+1 orcish great mace
              (6 damage)
             ... on Level 1 of the Orcish Mines.
             The game lasted 00:31:38 (5208 turns).

Raxtorm the Protected (Minotaur Berserker)          Turns: 5208, Time: 00:31:39

HP   0/106       AC 17     Str 28      XL: 8   Next: 59%
MP   2/2         EV  8     Int  7      God: Trog [****..]
Gold 314         SH  0     Dex 11      Spells:  0 memorised,  7 levels left

Res.Fire  : . . .   See Invis. : .   B - +4,+1 orc battleaxe
Res.Cold  : . . .   Warding    : .   M - +1 chain mail
Life Prot.: + . .   Conserve   : +   (no shield)
Res.Poison: .       Res.Corr.  : +   (helmet restricted)
Res.Elec. : .       Clarity    : .   t - +2 cloak {rCorr, Cons}
Sust.Abil.: . .     Spirit.Shd : .   y - +0 pair of gauntlets
Res.Mut.  : .       Stasis     : .   (no boots)
Res.Rott. : .       Flight     : .   E - amulet of faith
Saprovore : . . .                    u - ring of positive energy {unknown}
                                     n - +3 ring of intelligence

@: berserking (expiring), very quick, slightly resistant to hostile
enchantments, extremely unstealthy
A: retaliatory headbutt, horns 2
a: Burn Spellbooks, Berserk, Trog's Hand, Brothers in Arms, Renounce Religion


You were on level 1 of the Orcish Mines.
You worshipped Trog.
Trog was greatly pleased with you.
You were not hungry.

You visited 3 branches of the dungeon, and saw 8 of its levels.

You collected 294 gold pieces.

Inventory:

Hand weapons
 a - a +0,+0 hand axe {=f}
 m - a +4,+0 elven spear (quivered)
 r - a +0,+0 war axe
 B - a +4,+1 orcish battleaxe (weapon)
Armour
 t - a +2 cloak of preservation (worn)
 y - a +0 pair of gauntlets (worn)
 M - a +1 chain mail (worn)
Magical devices
 I - a wand of slowing (12) {unknown}
 J - a wand of cold (7) {unknown}
 K - a wand of slowing (15) {unknown}
 O - a wand of confusion (7) {unknown}
Comestibles
 c - 5 bread rations
 i - a royal jelly
 j - a honeycomb
Scrolls
 d - 7 scrolls of remove curse
 e - a scroll of noise {unknown}
 D - 2 scrolls of fear
 F - a scroll of fog
 G - a scroll of teleportation
 L - a scroll of blinking
Jewellery
 n - a +3 ring of intelligence (left hand)
 u - a ring of positive energy (right hand) {unknown}
 E - an amulet of faith (around neck)
Potions
 b - a potion of magic {unknown}
 f - a potion of curing {unknown}
 h - a potion of cure mutation {unknown}
 s - a potion of flight {unknown}
 v - 2 potions of degeneration {unknown}
 w - a potion of might {unknown}
 x - a potion of poison {unknown}
 z - a potion of slowing {unknown}
 A - a potion of paralysis {unknown}
 C - a potion of heal wounds {unknown}
 H - 2 potions of restore abilities {unknown}
 N - a potion of confusion {unknown}


   Skills:
 * Level 8.5 Fighting
 - Level 4.4 Axes
 * Level 10.1 Armour
 - Level 3.1 Dodging


You had 7 spell levels left.
You didn't know any spells.

Dungeon Overview and Level Annotations

Branches:
Dungeon (6/27)             Temple (1/1) D:5             Orc (1/4) D:6

Altars:
Ashenzari
Cheibriados
Elyvilon
Fedhas
Kikubaaqudgha
Makhleb
Nemelex Xobeh
Okawaru
Sif Muna
Trog
Vehumet
Xom
Yredelemnul
Zin
the Shining One

Shops:
D:6 [


Innate Abilities, Weirdness & Mutations

You reflexively headbutt those who attack you in melee.
You have a pair of horns on your head.


Message History

The orc knight hits you but does no damage.
The orc warrior barely misses you. You furiously retaliate!
You headbutt the orc warrior!
You kill the orc warrior!
Trog accepts your kill.
Your chain mail prevents you from hitting the orc warrior.
Your headbutt misses the orc warrior. The orc warrior closely misses you.
You furiously retaliate!
You headbutt the orc warrior!
The orc knight hits you with an orcish great mace!
* * * LOW HITPOINT WARNING * * *
Unknown command.
You are too berserk!
You slash the orc warrior!
You kill the orc warrior!
Trog accepts your kill.
Your Armour skill increases to level 10!
You slash the orc knight!
The orc knight is moderately wounded.
The orc knight hits you with an orcish great mace.
You die...

### ###.## ## ##
##....# ..##
##.##.....##....#
#...##.[.......#
#....))$<>....#
##.$@)).......#
#.#o##.........
#..............$
#....#..........
##..........#.#
##.........##
##.#$#....#
#####..


You could see an orc knight.

Vanquished Creatures
  The ghost of dertyp the Shield-Bearer, an average HOFi (D:5)
  3 orc warriors (Orc:1)
  A black bear (D:6)
  A phantom (D:4)
  An ogre (D:5)
  A giant frog (D:6)
  2 crimson imps
  5 wights (D:6)
  A giant frog zombie (D:5)
  Crazy Yiuf (D:2)
  A worker ant (D:4)
  A gnoll shaman (D:4)
  2 hounds (D:4)
  3 orc wizards (D:3)
  8 adders
  5 gnolls
  3 worms
  An ooze (D:4)
  15 orcs
  2 ball pythons
  7 bats
  7 hobgoblins
  2 jackals (D:1)
  6 kobolds
  8 giant cockroaches
  A giant gecko (D:5)
  5 giant newts
  8 goblins
  A kobold skeleton (D:6)
  A quokka (D:3)
  10 rats
114 creatures vanquished.

Notes
Turn   | Place    | Note
--------------------------------------------------------------
     0 | D:1      | Raxtorm, the Minotaur Berserker, began the quest for the Orb.
     0 | D:1      | Reached XP level 1. HP: 19/19 MP: 0/0
   202 | D:1      | Reached XP level 2. HP: 12/26 MP: 0/0
   575 | D:1      | Acquired Trog's second power
   600 | D:1      | Reached skill level 4 in Fighting
  1015 | D:2      | Reached XP level 3. HP: 18/33 MP: 1/1
  1048 | D:2      | Noticed Crazy Yiuf
  1218 | D:2      | Killed Crazy Yiuf
  1227 | D:2      | Identified a +1 cloak of preservation (You took it off Crazy Yiuf on level 2 of the Dungeon)
  1381 | D:2      | Reached XP level 4. HP: 40/40 MP: 1/1
  1904 | D:3      | Reached skill level 5 in Fighting
  1934 | D:3      | Reached XP level 5. HP: 11/47 MP: 1/1
  2696 | D:3      | Reached skill level 6 in Fighting
  3183 | D:4      | Reached XP level 6. HP: 37/55 MP: 2/2
  3390 | D:4      | Reached skill level 5 in Armour
  3674 | D:4      | Acquired Trog's third power
  3717 | D:5      | Entered Level 5 of the Dungeon
  3729 | D:5      | Reached XP level 7. HP: 62/62 MP: 2/2
  3761 | D:5      | Found a shimmering altar of Xom.
  3832 | D:5      | Found a staircase to the Ecumenical Temple.
  3973 | D:5      | Reached skill level 7 in Fighting
  4021 | D:5      | Noticed dertyp's ghost (average HOFi)
  4029 | D:5      | Killed dertyp's ghost
  4405 | D:5      | Found a staircase to the Ecumenical Temple.
  4415 | Temple   | Entered the Ecumenical Temple
  4672 | D:6      | Reached skill level 8 in Armour
  4686 | D:6      | Reached XP level 8. HP: 56/70 MP: 2/2
  4728 | D:6      | Found Hitauk's Antique Armour Shoppe.
  4784 | D:6      | Found a staircase to the Orcish Mines.
  4956 | D:6      | Reached skill level 9 in Armour
  5191 | Orc:1    | Entered Level 1 of the Orcish Mines
  5204 | Orc:1    | Noticed an orc knight
  5207 | Orc:1    | Reached skill level 10 in Armour
  5208 | Orc:1    | Slain by an orc knight

Action                   |  1- 3 |  4- 6 |  7- 9 || total
-------------------------+-------+-------+-------++-------
Melee: Hand axe          |    32 |       |       ||    32
       Spear             |    46 |   174 |     4 ||   224
       War axe           |       |       |    32 ||    32
       Battleaxe         |       |       |    56 ||    56
Invok: Berserk           |     1 |     4 |     2 ||     7
  Use: Scroll            |     1 |       |    14 ||    15
